 Dungeon Crawl Stone Soup version 0.30-a0-965-g42e074c17a (webtiles) character file.

Game seed: 3663075409077004247

39 billz999 the Skirmisher (level 3, -3/31 HPs)
             Began as a Gnoll Hunter on Mar 30, 2023.
             Constricted to death by Natasha (8 damage)
             ... on level 2 of the Dungeon.
             The game lasted 00:02:45 (903 turns).

billz999 the Skirmisher (Gnoll Hunter)               Turns: 903, Time: 00:02:45

Health: -3/31      AC:  5    Str: 10    XL:     3   Next: 45%
Magic:  4/4        EV: 10    Int: 10    God:
Gold:   77         SH:  0    Dex: 15    Spells: 3/3 levels left

rFire   . . .      SeeInvis .    m - +0 dagger (venom)
rCold   . . .      Faith    .    (no shield)
rNeg    . . .      Spirit   .    c - +0 leather armour
rPois   .          Reflect  .    (no helmet)
rElec   .          Rampage  .    (no cloak)
rCorr   .                        n - +0 pair of gloves
Will    .....                    h - +0 pair of boots
Stlth   ++                       (no amulet)
HPRegen 0.25/turn                (no ring)
MPRegen 0.09/turn                (no ring)

@: grasped by roots, constricted
A: fangs 1, strong nose, distributed training
a: no special abilities


You were on level 2 of the Dungeon.
You visited 1 branch of the dungeon, and saw 2 of its levels.

You collected 77 gold pieces.

Inventory:

Hand Weapons
 a - a +1 sling of flaming
 j - a +0 shortbow
 m - a +0 dagger of venom (weapon)
Missiles
 i - 5 poisoned darts
Armour
 c - a +0 leather armour (worn)
 h - a +0 pair of boots (worn)
 n - a +0 pair of gloves (worn)
Scrolls
 b - 2 scrolls of immolation
 d - a scroll of fog {unknown}
 e - a scroll of poison {unknown}
 f - 2 scrolls of identify {unknown}
 k - a scroll of fear {unknown}
 l - a scroll of teleportation {unknown}
 p - a scroll of enchant armour {unknown}
Potions
 g - a potion of magic {unknown}
 o - a potion of flight {unknown}


   Skills:
 + Level 4.5 Fighting
 + Level 0.9 Short Blades
 + Level 0.9 Long Blades
 + Level 0.9 Axes
 + Level 0.9 Maces & Flails
 + Level 0.9 Polearms
 + Level 0.9 Staves
 + Level 8.5 Ranged Weapons
 + Level 0.9 Throwing
 + Level 0.9 Armour
 + Level 4.5 Dodging
 + Level 2.4 Stealth
 + Level 0.9 Shields
 + Level 0.9 Unarmed Combat
 + Level 0.9 Spellcasting
 + Level 0.6 Conjurations
 + Level 0.6 Hexes
 + Level 0.6 Summonings
 + Level 0.6 Necromancy
 + Level 0.6 Translocations
 + Level 0.6 Transmutations
 + Level 0.6 Fire Magic
 + Level 0.6 Ice Magic
 + Level 0.6 Air Magic
 + Level 0.6 Earth Magic
 + Level 0.6 Poison Magic
 + Level 1.0 Invocations
 + Level 0.9 Evocations


You had 3 spell levels left.
You didn't know any spells.
Your spell library contained the following spells:

 Spells                   Type           Power      Damage    Failure   Level
 Magic Dart               Conj           4%         1d3       36%         1
 Searing Ray              Conj           2%         2d4       50%         2
 Call Canine Familiar     Summ           1%         N/A       73%         3
 Portal Projectile        Hex/Tloc       2%         N/A       73%         3
 Fulminant Prism          Conj/Hex       0%         3d5       98%         4
 Leda's Liquefaction      Hex/Erth       0%         N/A       98%         4


Dungeon Overview and Level Annotations

Branches:
Dungeon (2/15)

Altars:

Annotations:
D:2 Natasha, Terence


Innate Abilities, Weirdness & Mutations

You have very sharp teeth.
Your uncanny sense of smell can sniff out nearby items.
Your experience applies equally to all skills.


Message History

There is a stone staircase leading down here.
You start resting.
HP restored.
You climb downwards.
Level annotation: Natasha, Terence
There is a stone staircase leading up here.
You shoot a sling bullet. The sling bullet hits Natasha.
The sling bullet burns Natasha.
Natasha is lightly wounded.
Natasha zaps a wand.
The roots erupt in riotous growth!
The grasping roots grab you! The grasping roots constrict you.
You shoot a sling bullet.
The sling bullet closely misses Natasha.
The grasping roots constrict you.
The grasping roots release their grip on you.
You shoot a sling bullet.
The sling bullet hits Natasha but does no damage.
Natasha is lightly wounded.
Natasha zaps a wand.
The roots erupt in riotous growth!
The grasping roots grab you!
Natasha is unaffected.
The grasping roots constrict you.
Your +1 sling of flaming stops flaming.
Your +0 dagger of venom begins to drip with poison!
m - a +0 dagger of venom (weapon)
Natasha claws you. The grasping roots constrict you.
You closely miss Natasha. You bite Natasha.
Natasha is moderately wounded.
Natasha claws you. The grasping roots constrict you.
You hit Natasha but do no damage.
Natasha is poisoned.
Your bite misses Natasha.
Natasha is moderately wounded.
Natasha hisses.
Natasha barely misses you. The grasping roots constrict you.
You hit Natasha but do no damage.
Natasha looks as sick as possible!
Natasha is moderately wounded.
Natasha claws you.
* * * LOW HITPOINT WARNING * * *
The grasping roots constrict you!
You die...

. #...#......#.## #.
###)....#.#....##
##.###..).##......)...
#........#####.#.##..#
#.##.##.## #.#.##..#
#.##<# #.#.#....
#..÷.######>#.#.### #
###)...............
###.
###@..######..######
..... #^h.###
##.#####. ......#.###
###.##.... ........#
###......### ......###
###...#.#### ......
##...###.###### †....
#.............. .....
########.#..... ....
#...####


You could see Natasha (extremely poisoned).

Vanquished Creatures
  An adder (D:2)
  A worm (D:2)
  A dart slug (D:2)
  2 ball pythons (D:2)
  4 bats (D:1)
  An endoplasm (D:1)
  A giant cockroach (D:1)
  5 goblins
  2 quokkas (D:1)
  2 kobolds
  3 rats
23 creatures vanquished.

Notes
Turn   | Place    | Note
-------+----------+-------------------------------------------
     0 | D:1      | billz999 the Gnoll Hunter began the quest for the Orb.
     0 | D:1      | Reached XP level 1. HP: 20/20 MP: 1/1
   272 | D:1      | Reached XP level 2. HP: 26/26 MP: 2/2
   606 | D:2      | Reached XP level 3. HP: 27/31 MP: 3/3
   731 | D:2      | Reached skill level 1 in Invocations
   800 | D:2      | Noticed Terence
   836 | D:2      | Noticed Natasha
   903 | D:2      | Constricted to death by Natasha

Illustrated notes

Levels and vault maps discovered:
D:1:      elethiomel_arrival_quiet, layout_rooms
D:2:      layout_rooms, uniq_natasha, uniq_terence

Skill      XL: |  1  2  3 |
---------------+----------+-----
Invocations    | 1 |  1.0
Fighting       | |  4.5
Short Blades   | |  0.9
Long Blades    | |  0.9
Axes           | |  0.9
Maces & Flails | |  0.9
Polearms       | |  0.9
Staves         | |  0.9
Ranged Weapons | |  8.5
Throwing       | |  0.9
Armour         | |  0.9
Dodging        | |  4.5
Stealth        | |  2.4
Shields        | |  0.9
Unarmed Combat | |  0.9
Spellcasting   | |  0.9
Conjurations   | |  0.6
Hexes          | |  0.6
Summonings     | |  0.6
Necromancy     | |  0.6
Translocations | |  0.6
Transmutations | |  0.6
Fire Magic     | |  0.6
Ice Magic      | |  0.6
Air Magic      | |  0.6
Earth Magic    | |  0.6
Poison Magic   | |  0.6
Evocations     | |  0.9

Action                     || total
---------------------------++-------
  Melee: Dagger            ||     5
         Bite              ||     1
   Fire: Shortbow          ||    24
         Sling             ||    36
 Armour: Leather armour    ||     1
  Dodge: Dodged            ||     5

Table legend: (Time is in decaauts)
 A = Elapsed time spent in this place.
 B = Non-inter-level travel time spent in this place.
 C = Inter-level travel time spent in this place.
 D = Time resting spent in this place.
 E = Time spent auto-exploring this place.
 F = Levels seen in this place.
 G = Mean time per level.
                   A        B        C        D        E       F      G
               +--------+--------+--------+--------+--------+-----+--------+
         Total |    905 |    880 |     25 |     49 |    645 |   2 |  452.5 |
       Dungeon |    905 |    880 |     25 |     49 |    645 |   2 |  452.5 |
               +--------+--------+--------+--------+--------+-----+--------+

Top non-repeatable levels by time:
     D:1: 658 daAuts
     D:2: 246 daAuts
